 Dungeon Crawl Stone Soup version 0.30.1-11-g7821555f0a (webtiles) character file.

Game seed: 3925405679072496298

155 monsoonserge the Shooter (level 5, -9/26 HPs)
             Began as a Spriggan Hunter on Nov 3, 2023.
             Mangled by an ogre
             ... wielding a +0 giant club
              (25 damage)
             ... on level 4 of the Dungeon.
             The game lasted 00:05:34 (2261 turns).

monsoonserge the Shooter (Spriggan Hunter)          Turns: 2261, Time: 00:05:34

Health: -9/26      AC:  2    Str:  7    XL:     5   Next: 14%
Magic:  6/6        EV: 18    Int: 11    God:
Gold:   137        SH:  0    Dex: 20    Spells: 4/4 levels left

rFire   . . .        a - +0 shortbow
rCold   . . .        (shield currently unavailable)
rNeg    . . .        c - +0 robe
rPois   .            (helmet restricted)
rElec   .            (no cloak)
rCorr   .            (gloves unavailable)
SInv    +            (boots unavailable)
Will    .....        (no amulet)
Stlth   +            (no ring)
HPRegen 0.24/turn    (no ring)
MPRegen 0.10/turn

%: no passive effects
@: slow
A: very small, no large weapons, unfitting armour, see invisible, speed 3
a: no special abilities


You were on level 4 of the Dungeon.
You visited 1 branch of the dungeon, and saw 4 of its levels.

You collected 137 gold pieces.

Inventory:

Hand Weapons
 a - a +0 shortbow (weapon)
 s - a +0 sling
Missiles
 k - 5 datura-tipped darts
 o - 4 poisoned darts
Armour
 c - a +0 robe (worn)
 g - a +0 buckler
Wands
 p - a wand of charming (7)
Scrolls
 b - a scroll of immolation
 d - 3 scrolls of identify {unknown}
 e - 4 scrolls of teleportation {unknown}
 f - a scroll of fog {unknown}
 i - 2 scrolls of magic mapping {unknown}
 l - 3 scrolls of blinking {unknown}
Potions
 h - a potion of invisibility {unknown}
 j - a potion of experience {unknown}
 m - 3 potions of curing {unknown}
 n - a potion of berserk rage {unknown}
 q - a potion of heal wounds {unknown}
 r - 2 potions of haste {unknown}
 t - a potion of might {unknown}


   Skills:
 + Level 2.3 Fighting
 + Level 5.9 Ranged Weapons
 + Level 3.2 Dodging
 + Level 1.9 Stealth


You had 4 spell levels left.
You didn't know any spells.
Your spell library contained the following spells:

 Spells                   Type           Power      Damage    Failure   Level
 Scorch                   Fire           0%         2d5       47%         2
 Flame Wave               Conj/Fire      0%         2d4       98%         4
 Summon Cactus Giant      Summ           0%         N/A       100%        6


Dungeon Overview and Level Annotations

Branches:
Dungeon (4/15)
 Temple: D:4-7

Altars:

Shops:
D:1 [

Annotations:
D:3 Grinder


Innate Abilities, Weirdness & Mutations

You are very small and have problems with some larger weapons.
You are too small for most types of armour.
You have supernaturally acute eyesight. (SInv)
You cover ground extremely quickly. (Speed+++)


Message History

The adder misses you. The adder closely misses you.
Unknown command.
Fire: a) +0 shortbow
Press: ? - help, Q - select action, (/) - cycle Shift-Dir - straight line, f - giant cockroach, p - adder
Aim: a giant cockroach (65% to hit)
You shoot an arrow. The arrow hits the giant cockroach.
The giant cockroach is moderately wounded.
The adder barely misses you. The giant cockroach barely misses you.
Fire: a) +0 shortbow
Press: ? - help, Q - select action, (/) - cycle Shift-Dir - straight line, f/p - giant cockroach
Aim: a giant cockroach (moderately wounded, 65% to hit)
You shoot an arrow. The arrow hits the giant cockroach!
You kill the giant cockroach!
The adder barely misses you. The adder bites you.
You are poisoned.
The adder poisons you!
Fire: a) +0 shortbow
Press: ? - help, Q - select action, (/) - cycle Shift-Dir - straight line, f - adder
Aim: an adder (severely wounded, 50% to hit)
You shoot an arrow. The arrow barely misses the adder.
You feel sick. The adder misses you.
Unknown command.
Fire: a) +0 shortbow
Press: ? - help, Q - select action, (/) - cycle Shift-Dir - straight line, f/p - adder
Aim: an adder (severely wounded, 50% to hit)
You shoot an arrow. The arrow barely misses the adder.
You feel sick. The adder closely misses you.
The adder bites you but does no damage.
Fire: a) +0 shortbow
Press: ? - help, Q - select action, (/) - cycle Shift-Dir - straight line, f/p - adder
Aim: an adder (severely wounded, 50% to hit)
You shoot an arrow. The arrow hits the adder!
You kill the adder!
You feel sick.
You are no longer poisoned.
You enter the shallow water.
Moving in this stuff is going to be slow.
The ogre hits you with a +0 giant club!!
Ouch! That really hurt!
You die...

###################
#........##~~O~~~.##
#........#†#######~#
#......<.#~#~O.†##†#
#........#O#@###~#S#
#####........#S#.# #~#~#
...##........#~#~# #~#O#
...##........#~##. #~#~#
...##.>......#)#####O#~#
...##...S....##~.~.~##.#
...##...O.....#######.##
......########...###†.##
......O.S#####.........#


You could see an ogre.

Vanquished Creatures
  Natasha (D:3)
  An iguana (D:4)
  2 adders (D:4)
  A worm (D:4)
  4 dart slugs
  7 ball pythons
  6 endoplasms
  5 giant cockroaches
  10 hobgoblins
  5 jackals
  9 kobolds
  4 quokkas
  6 bats
  3 goblins (D:1)
  7 rats
71 creatures vanquished.

Notes
Turn   | Place    | Note
-------+----------+-------------------------------------------
     0 | D:1      | monsoonserge the Spriggan Hunter began the quest for the
                  | Orb.
     0 | D:1      | Reached XP level 1. HP: 10/10 MP: 2/2
    99 | D:1      | Reached XP level 2. HP: 14/14 MP: 3/3
   370 | D:1      | Reached XP level 3. HP: 18/18 MP: 4/4
   578 | D:1      | Found Bifoost's Antique Armour Emporium.
   615 | D:1      | Reached skill level 5 in Ranged Weapons
   998 | D:2      | Found a faded altar of an unknown god.
  1443 | D:3      | Noticed Natasha
  1535 | D:3      | Noticed Grinder
  1553 | D:3      | Paralysed by Grinder for 3 turns
  1646 | D:3      | Killed Natasha
  1647 | D:3      | Reached XP level 4. HP: 23/23 MP: 5/5
  1669 | D:3      | Identified the +9 hand axe "Dixaor" {drain, rF+ Will+ MP+9}
  2028 | D:4      | Noticed an ogre
  2029 | D:4      | Noticed an ogre
  2212 | D:4      | Reached XP level 5. HP: 16/26 MP: 6/6
  2261 | D:4      | Mangled by an ogre

Illustrated notes

Levels and vault maps discovered:
D:1:      dpeg_arrival_tiny_c, layout_basic, serial_shops, shop
D:2:      layout_basic, dreamdust_ecumenical_altar_grove, fountainhead,
          amcnicky_mini_corridor_feature
D:3:      minmay_skewed_foursquare, layout_basic,
          chequers_serial_rivers_small_b, corexii_shack, uniq_grinder,
          uniq_ijyb, uniq_natasha
D:4:      layout_rooms, gup_sewer_entry_spiral

Skill      XL: |  1  2  3  4 |
---------------+-------------+-----
Dodging        | 3 |  3.2
Ranged Weapons | 5 |  5.9
Fighting       | 2 |  2.3
Stealth        | |  1.9

Action                     |  1- 3 |  4- 6 || total
---------------------------+-------+-------++-------
   Fire: Shortbow          |   110 |    64 ||   174
 Armour: Robe              |     4 |     3 ||     7
  Dodge: Dodged            |    31 |    36 ||    67
